 Dungeon Crawl Stone Soup version 0.31-a0-986-g5e6e4ef867 (webtiles) character file.

Game seed: 3980329447772291211

1855 croobank the Cudgeller (level 9, -17/78 HPs)
             Began as a Meteoran Fighter on Nov 6, 2023.
             Was a Believer of Qazlal.
             Killed by an exploding wyvern (25 damage)
             ... ignited by their inner flame
             ... on level 9 of the Dungeon.
             The game lasted 00:15:11 (2004 turns).

croobank the Cudgeller (Meteoran Fighter)           Turns: 2004, Time: 00:15:12

Health: -17/78     AC: 11    Str: 22    XL:     9   Next: 60%
Magic:  13/13      EV: 10    Int: 20    God:    Qazlal [**....]
Gold:   211        SH:  8    Dex: 12    Spells: 7/10 levels left

rFire   . . .        a - +0 flail
rCold   . . .        c - +0 buckler
rNeg    . . .        j - +5 ring mail of Ockinlomp {Int+5 Dex-3}
rPois   .            (no helmet)
rElec   .            (no cloak)
rCorr   .            (no gloves)
SInv    .            (no boots)
Will    ++...        (no amulet) Stlth
                     e - ring of willpower
HPRegen 0.33/turn    m - +6 ring of intelligence
MPRegen 0.13/turn

%: no passive effects
@: glowing
A: sense surroundings 2, otherworldly, glowing, explore regen
a: Renounce Religion, Upheaval


You were on level 9 of the Dungeon.
You worshipped Qazlal.
Qazlal was pleased with you.
You visited 1 branch of the dungeon, and saw 9 of its levels.

You collected 211 gold pieces.

Inventory:

Hand Weapons
 a - a +0 flail (weapon)
 d - a +2 halberd of protection
 g - a +0 trident
 l - a +0 scimitar
 q - a +3 short sword
Missiles
 b - 6 javelins
Armour
 c - a +0 buckler (worn)
 j - the +5 ring mail of Ockinlomp (worn) {Int+5 Dex-3}
   (You found it on level 7 of the Dungeon)

   Int+5:     It affects your intelligence (+5).
   Dex-3:     It affects your dexterity (-3).
Jewellery
 e - a ring of willpower (left hand)
 m - a +6 ring of intelligence (right hand)
 p - an amulet of the acrobat
Talismans
 h - a flux talisman
 i - a serpent talisman
Scrolls
 f - a scroll of identify
 k - a scroll of noise {unknown}
Potions
 n - a potion of enlightenment


   Skills:
 + Level 6.8 Fighting
 + Level 7.5 Maces & Flails
 + Level 6.7 Armour
 + Level 6.7 Shields
 * Level 1.2 Spellcasting
 * Level 1.2 Conjurations
 * Level 1.2 Earth Magic
 * Level 4.0 Invocations


You had 7 spell levels left.
You knew the following spells:

 Your Spells              Type           Power      Damage    Failure   Level
a - Stone Arrow           Conj/Erth      12%        3d7       50%         3

Your spell library contained the following spells:

 Spells                   Type           Power      Damage    Failure   Level
 Sandblast                Erth           12%        2d6       19%         1
 Passwall                 Tmut/Erth      2%         N/A       34%         2
 Ensorcelled Hibernation  Hex/Ice        2%         N/A       43%         2
 Swiftness                Air            1%         N/A       67%         3
 Brom's Barrelling Bould  Conj/Erth      6%         2d3       88%         4
 Vhi's Electric Charge    Tloc/Air       2%         N/A       97%         4
 Arcjolt                  Conj/Air       1%         1d11      100%        5
 Maxwell's Capacitive Co  Air            0%         ∞         100%        8


Dungeon Overview and Level Annotations

Branches:
Dungeon (9/15) Zot: 3345   Temple (0/1) D:7
   Lair: D:8-11         Orc: D:9-12

Altars:
Gozag
Okawaru
Qazlal
Uskayaw
Vehumet
Yredelemnul
Zin


Innate Abilities, Weirdness & Mutations

You passively map the area around you.
You are easily found by Zot.
You glow in the dark.
You regain HP and MP as you explore.


Message History

The wyvern bites you.
The shadow slips into darkness.
The shadow flickers and vanishes!
Deactivating autopickup; reactivate with Ctrl-A.
A yak comes into view.
The wyvern bites you but does no damage.
You hit something but do no damage. You block the wyvern's attack.
The shadow strikes at you from the darkness!
* * * LOW HITPOINT WARNING * * *
Reactivating autopickup.
A yak comes into view.
The wyvern bites you but does no damage.
The shadow closely misses you. You block the wyvern's attack.
The shadow hits you.
* * * LOW HITPOINT WARNING * * *
As you read the scroll of identify, it crumbles to dust.
n - a potion of enlightenment The wyvern bites you!
* * * LOW HITPOINT WARNING * * *
The shadow hits you.
* * * LOW HITPOINT WARNING * * *
The wyvern bites you but does no damage.
As you read the scroll of immolation, it crumbles to dust.
The creatures around you are filled with an inner flame!
You block the wyvern's attack.
The shadow slips into darkness.
The shadow flickers and vanishes!
Deactivating autopickup; reactivate with Ctrl-A.
Okay, then.
Okay, then.
The wyvern is engulfed in blazing flames.
Flame seeps out of the wyvern.
You block the wyvern's attack.
The wyvern is engulfed in blazing flames.
Flame seeps out of the wyvern.
The wyvern bites you.
* * * LOW HITPOINT WARNING * * *
You sock the wyvern! Qazlal accepts your kill.
The wyvern explodes!
The fiery explosion engulfs you!!
You die...

, * , , ,, .#. , ,
* , ,, ** , ... ,.
* , ##YY .. , *
##..###.** *, #,#*
*.YY... * ..#.#.
###.Y.#
....##.##Y#* ##
*#..#§#YY#######
#. *
#..@○{.......# #.
, *#..###Y.......#
#. ** ,, #.#
#........# ###. ,
, , '..
#........####.). ,
,* , .##
..'........#..).#.
,..
###........'<####.
* # * #........###
## , #####+####
*,,


You could see 4 yaks.

Vanquished Creatures
  2 wyverns
  2 orc warriors
  An ogre (D:6)
  A kobold brigand (D:8)
  A gnoll sergeant (D:9)
  4 scorpions
  4 wights
  5 howler monkeys
  2 hounds
  5 orc priests
  A gnoll bouda (D:6)
  Natasha (D:3)
  A sleepcap (D:3)
  4 iguanas
  5 orc wizards
  9 gnolls
  2 adders
  2 shadow imps
  2 ufetubi
  A worm (D:3)
  15 orcs
  An endoplasm (D:4)
  2 goblins
  A quokka (D:4)
  10 kobolds
  2 rats
86 creatures vanquished.

Notes
Turn   | Place    | Note
-------+----------+-------------------------------------------
     0 | D:1      | croobank the Meteoran Fighter began the quest for the Orb.
     0 | D:1      | Reached XP level 1. HP: 19/19 MP: 2/2
   103 | D:3      | Found a basalt altar of Yredelemnul.
   103 | D:3      | Noticed Natasha
   104 | D:3      | Found a hide-covered altar of Uskayaw.
   106 | D:3      | Noticed a cerulean imp
   109 | D:3      | Killed Natasha
   110 | D:3      | Reached skill level 3 in Maces & Flails
   110 | D:3      | Reached XP level 2. HP: 24/26 MP: 3/3
   110 | D:3      | Reached XP level 3. HP: 29/31 MP: 4/4
   110 | D:3      | Found a stormy altar of Qazlal.
   131 | D:3      | Became a worshipper of Qazlal Stormbringer
   152 | D:3      | Reached XP level 4. HP: 24/40 MP: 5/5
   277 | D:3      | Reached XP level 5. HP: 35/46 MP: 6/6
   372 | D:3      | Reached skill level 4 in Maces & Flails
   507 | D:4      | Reached XP level 6. HP: 29/53 MP: 7/7
   636 | D:4      | Found a radiant altar of Vehumet.
   639 | D:4      | Found an iron altar of Okawaru.
   650 | D:4      | Found a glowing silver altar of Zin.
   653 | D:4      | Found an opulent altar of Gozag.
   861 | D:5      | Entered Level 5 of the Dungeon
   931 | D:5      | Reached XP level 7. HP: 48/60 MP: 8/8
   940 | D:5      | Reached * piety under Qazlal
   954 | D:5      | Reached skill level 5 in Maces & Flails
   971 | D:5      | Reached skill level 5 in Fighting
   971 | D:5      | Reached skill level 5 in Armour
   971 | D:5      | Reached skill level 5 in Shields
  1131 | D:5      | You fall into a shaft and drop 3 floors!
  1192 | D:8      | Reached XP level 8. HP: 64/69 MP: 9/9
  1233 | D:8      | Reached skill level 6 in Maces & Flails
  1238 | D:8      | Reached ** piety under Qazlal
  1291 | D:8      | Noticed a wyvern
  1314 | D:7      | Killed a wyvern
  1346 | D:7      | Found a staircase to the Ecumenical Temple.
  1371 | D:7      | Gained mutation: You passively map the area around you.
                  | [Meteoran growth]
  1371 | D:7      | Reached XP level 9. HP: 51/75 MP: 10/10
  1384 | D:7      | Identified the +5 ring mail of Ockinlomp {Int+5 Dex-3}
  1479 | D:7      | Reached skill level 7 in Maces & Flails
  1500 | D:6      | Reached skill level 1 in Invocations
  1607 | D:7      | Learned a level 3 spell: Stone Arrow
  1816 | D:8      | Reached skill level 1 in Spellcasting
  1816 | D:8      | Reached skill level 1 in Conjurations
  1816 | D:8      | Reached skill level 1 in Earth Magic
  1830 | D:8      | Identified the +4 war axe of Fedhas's Grace {vamp, rCorr
                  | Int+3}
  1944 | Bailey   | Identified the of Aggyamm
  2004 | D:9      | Killed by an exploding wyvern... ignited by their inner
                  | flame

Illustrated notes

Levels and vault maps discovered:
D:1:      ncdulo_wetmaze, layout_rooms, shapermc_ecumenical_altar_flowoftime
D:2:      layout_basic, nicolae_eternal_life, chequers_serial_rivers_micro_d
D:3:      layout_loops_ring, grunt_temple_overflow_open,
          kennysheep_big_empty_room, kennysheep_generic_room_15, uniq_natasha,
          uniq_crazy_yiuf_cottage
D:4:      layout_cave_pools, grunt_temple_overflow_cloverleaf
D:5:      layout_loops_ring, grunt_temple_overflow_champion_of_chaos
D:6:      layout_basic, serial_glass, glass_columns_a, glass_columns_c,
          kennysheep_generic_room_16
D:7:      layout_loops_ring, temple_statues, serial_shops, shop,
          minmay_misc_feat_four_crosses, amethyst_killhole
D:8:      layout_cave_pods
D:9:      layout_roguey, nicolae_sif_muna_condensation, david_lair_generic,
          enter_bailey_7, minmay_between

Skill      XL: |  1  2  3  4  5  6  7  8  9 |
---------------+----------------------------+-----
Maces & Flails | 3 4 5 6 7 |  7.5
Fighting       | 4 5 6 |  6.8
Armour         | 4 5 6 |  6.7
Shields        | 4 5 6 |  6.7
Invocations    | 4 |  4.0
Spellcasting   | 1 |  1.2
Conjurations   | 1 |  1.2
Earth Magic    | 1 |  1.2

Action                     |  1- 3 |  4- 6 |  7- 9 || total
---------------------------+-------+-------+-------++-------
  Melee: Flail             |    16 |    97 |   254 ||   367
 Invoke: Upheaval          |       |       |     3 ||     3
    Use: Potion            |     1 |     3 |     7 ||    11
         Scroll            |       |     1 |     5 ||     6
 Armour: Scale mail        |    15 |   102 |   139 ||   256
         Ring mail         |       |       |   136 ||   136
  Dodge: Dodged            |       |    50 |   159 ||   209
  Block: Buckler           |     6 |    29 |   149 ||   184

Table legend: (Time is in decaauts)
 A = Elapsed time spent in this place.
 B = Non-inter-level travel time spent in this place.
 C = Inter-level travel time spent in this place.
 D = Time resting spent in this place.
 E = Time spent auto-exploring this place.
 F = Levels seen in this place.
 G = Mean time per level.
                   A        B        C        D        E       F      G
               +--------+--------+--------+--------+--------+-----+--------+
         Total |   2055 |   2022 |     33 |    240 |    314 |   9 |  228.3 |
       Dungeon |   2055 |   2022 |     33 |    240 |    314 |   9 |  228.3 |
               +--------+--------+--------+--------+--------+-----+--------+

Top non-repeatable levels by time:
     D:8: 403 daAuts
     D:3: 398 daAuts
     D:4: 383 daAuts
     D:7: 343 daAuts
     D:5: 280 daAuts
     D:1: 90 daAuts
     D:6: 88 daAuts
     D:9: 60 daAuts
     D:2: 5 daAuts
